 Dungeon Crawl Stone Soup version 0.25-a0-566-g062765be81 (webtiles) character file.

Game seed: 15759659930447469626, levelgen mode: deterministic

28 Flugslaktarn the Covered (level 2, 0/27 HPs)
             Began as a Deep Dwarf Fighter on Feb 28, 2020.
             Slain by an adder (2 damage)
             ... on level 3 of the Dungeon.
             The game lasted 00:00:16 (252 turns).

Flugslaktarn the Covered (Deep Dwarf Fighter)        Turns: 252, Time: 00:00:17

Health: 0/27       AC:  6    Str: 19    XL:     2   Next: 96%
Magic:  2/2        EV:  7    Int:  8    God:
Gold:   9          SH:  9    Dex: 12    Spells: 1/1 levels left

rFire    . . .     SeeInvis .   a - +0 war axe
rCold    . . .     Gourm    .   c - +0 kite shield
rNeg     . . .     Faith    .   b - +0 scale mail
rPois    .         Spirit   .   (no helmet)
rElec    .         Reflect  .   (no cloak)
rCorr    .         Harm     .   (no gloves)
MR       .....                  (no boots)
Stlth    ..........             (no amulet)
HPRegen  0.00/turn              (no ring)
MPRegen  0.08/turn              (no ring)

@: non-regenerating
A: damage resistance, heal wounds, sense surroundings 1, no regeneration
a: Heal Wounds


You were on level 3 of the Dungeon.
You were not hungry.

You visited 1 branch of the dungeon, and saw 3 of its levels.

You collected 9 gold pieces.

Inventory:

Hand Weapons
 a - a +0 war axe (weapon)
Armour
 b - a +0 scale mail (worn)
 c - a +0 kite shield (worn)
Scrolls
 g - a scroll of remove curse {unknown}
 h - a scroll of identify {unknown}
 i - a scroll of teleportation {unknown}
Potions
 d - a potion of might
Comestibles
 e - 2 rations
 f - 2 chunks of flesh


   Skills:
 + Level 2.9 Fighting
 * Level 2.9 Axes
 + Level 3.5 Armour
 + Level 3.5 Shields


You had one spell level left.
You didn't know any spells.
Your spell library was empty.

Dungeon Overview and Level Annotations

Branches:
Dungeon (3/15)

Altars:
Dithmenos
Zin


Innate Abilities, Weirdness & Mutations

You are resistant to damage.
You can heal yourself by infusing magical energy.
You passively map a small area around you.
You do not regenerate.


Message History

You are too injured to fight recklessly!
You are too injured to fight recklessly!
You are too injured to fight recklessly!
You are too injured to fight recklessly!
You are too injured to fight recklessly!
You are too injured to fight recklessly!
You are too injured to fight recklessly!
You are too injured to fight recklessly!
You are too injured to fight recklessly!
You are too injured to fight recklessly!
You are too injured to fight recklessly!
You are too injured to fight recklessly!
You are too injured to fight recklessly!
You fail to use your ability.
You block the orc's attack. The adder bites you but does no damage.
The orc hits you with a +0 flail.
* * * LOW HITPOINT WARNING * * *
You block the orc's attack.
There is an open door here.
You fail to use your ability.
The adder bites you.
You die...

, ...* #.# #..########..#
....* #.####..##........#
*
....###.#.....##.......(.
........#.###<.+........#
........# ######........#
........#,#....'.........
......o!+,#.####.........
......)S###.# #########.
.....!.o@...# #)
.......o##### #.
........# #. .<####### #.
. #. #. * * #. #. #[


You could see an adder and 3 orcs.

Vanquished Creatures
  An adder (D:3)
  2 dart slugs
  An orc (D:3)
  2 bats (D:1)
  A goblin (D:3)
  3 hobgoblins
  A ball python (D:1)
  A frilled lizard (D:2)
  2 rats
  A fungus (D:1)
  A plant (D:1)
16 creatures vanquished.

Notes
Turn   | Place    | Note
-------+----------+-------------------------------------------
     0 | D:1      | Flugslaktarn the Deep Dwarf Fighter began the quest for the
                  | Orb.
     0 | D:1      | Reached XP level 1. HP: 20/20 MP: 1/1
    69 | D:1      | Reached XP level 2. HP: 24/27 MP: 2/2
   149 | D:3      | Found a glowing silver altar of Zin.
   158 | D:3      | Found a shadowy altar of Dithmenos.
   252 | D:3      | Slain by an adder

Levels and vault maps discovered:
D:1:      wander_arrival_fairy_ring, layout_rooms, minmay_shallow_snake_nest
D:2:      layout_basic, uniq_terence
D:3:      layout_basic, overflow_temple_1_default, lemuel_doored_altar,
          small_statue_intersection, nicolae_dithmenos_shadow_blocks

Action                   || total
-------------------------++-------
Melee: War axe           ||    70
Armor: Scale mail        ||    42
Dodge: Dodged            ||    17
Block: Kite shield       ||    44

Table legend:
 A = Non-vault XP
 B = Vault XP
 C = Vault XP percentage of total XP
 D = Non-vault monster count
 E = Vault monster count
 F = Vault count percentage of total count
                 A         B        C        D         E       F
            +---------+---------+-------+---------+---------+-------
      Total |      40 |       0 |   0.0 |      14 |       0 |   0.0
            +---------+---------+-------+---------+---------+-------
        D:1 |      13 |       0 |   0.0 |       7 |       0 |   0.0
        D:2 |       2 |       0 |   0.0 |       2 |       0 |   0.0
        D:3 |      25 |       0 |   0.0 |       5 |       0 |   0.0
            +---------+---------+-------+---------+---------+-------
